 Dungeon Crawl Stone Soup version 0.30.0-15-g856e2d3f33 (webtiles) character file.

Game seed: 8574642106943886228

86 Jackthecabe the Poker (level 4, 0/33 HPs)
             Began as a Demonspawn Warper on May 20, 2023.
             Slain by a centaur (1 damage)
             ... on level 3 of the Dungeon.
             The game lasted 00:04:40 (2553 turns).

Jackthecabe the Poker (Demonspawn Warper)           Turns: 2553, Time: 00:04:41

Health: 0/33       AC:  3    Str: 13    XL:     4   Next: 26%
Magic:  7/7        EV: 11    Int: 14    God:
Gold:   107        SH:  0    Dex: 13    Spells: 7/7 levels left

rFire   . . .        a - +0 spear
rCold   . . .        (no shield)
rNeg    . . .        b - +0 leather armour
rPois   .            (no helmet)
rElec   .            (no cloak)
rCorr   .            (no gloves)
SInv    .            (no boots)
Will    .....        (no amulet)
Stlth   +            (no ring)
HPRegen 0.25/turn    (no ring)
MPRegen 0.10/turn

%: no passive effects
@: no status effects
A: hooves 1, ignite blood 1
a: no special abilities


You were on level 3 of the Dungeon.
You visited 1 branch of the dungeon, and saw 3 of its levels.

You collected 107 gold pieces.

Inventory:

Hand Weapons
 a - a +0 spear (weapon)
Missiles
 d - 6 boomerangs of dispersal (quivered) {=f}
Armour
 b - a +0 leather armour (worn)
Scrolls
 c - 2 scrolls of blinking {!r!d}
 g - a scroll of amnesia {unknown}
 h - 2 scrolls of poison {unknown}
 i - 2 scrolls of immolation {unknown}
 j - a scroll of teleportation {unknown}
 k - 3 scrolls of identify {unknown}
 n - a scroll of silence {unknown}
 o - a scroll of torment {unknown}
Potions
 e - a potion of attraction {unknown}
 f - 2 potions of curing {@q1, !d}
 l - a potion of magic {unknown}
 m - 2 potions of heal wounds {unknown}


   Skills:
 - Level 2.0 Fighting
 + Level 4.2 Polearms
 - Level 0.8 Throwing
 - Level 0.8 Armour
 - Level 1.7 Dodging
 - Level 2.0 Spellcasting
 - Level 2.6 Translocations


You had 7 spell levels left.
You didn't know any spells.
Your spell library contained the following spells:

 Spells                   Type           Power      Damage    Failure   Level
 Blink                    Tloc           16%        N/A       16%         2
 Lesser Beckoning         Tloc           16%        N/A       16%         2
 Kiss of Death            Conj/Necr      4%         2d5       30%         1
 Teleport Other           Tloc           8%         N/A       30%         3
 Vhi's Electric Charge    Tloc/Air       10%        N/A       45%         3
 Confusing Touch          Hex            1%         N/A       65%         3
 Manifold Assault         Tloc           8%         N/A       69%         4
 Dispel Undead            Necr           1%         3d6       96%         4
 Leda's Liquefaction      Hex/Erth       0%         N/A       96%         4
 Lee's Rapid Deconstruct  Erth           0%         3d4*      100%        5
 Statue Form              Tmut/Erth      0%         N/A       100%        6
 Chain Lightning          Conj/Air       0%         2d1       100%        9
 Fire Storm               Conj/Fire      0%         6d1       100%        9
 Shatter                  Erth           0%         3d5*      100%        9


Dungeon Overview and Level Annotations

Branches:
Dungeon (3/15)

Altars:

Annotations:
D:1 1 runed translucent door
D:2 Terence


Innate Abilities, Weirdness & Mutations

You have large cloven feet.
Your demonic aura sometimes causes spilled blood to erupt in flames.


Message History

You closely miss the ball python.
You kick the ball python, but do no damage.
The ball python barely misses you. The ball python constricts you.
You take 1 damage, and have 29/33 hp.
You hit the ball python.
You kill the ball python!
No target in view!
No target in view!
o - a scroll labelled ZEYHIUL VOODIJ Health restored: 33 A frilled lizard comes into view.
The frilled lizard hisses angrily.
A frilled lizard is nearby!
You miss the frilled lizard. You kick the frilled lizard.
The frilled lizard bites you.
You take 2 damage, and have 31/33 hp.
You hit the frilled lizard.
You kill the frilled lizard!
No target in view!
No target in view!
Found a stone staircase leading up.
Health restored: 33
There is a stone staircase leading up here.
You open the door.
There is an open door here.
There is an open door here.
You open the door.
There is an open door here.
You see here a +2 heavy mace.
As you open the door, it creaks loudly!
There is an open door here.
A centaur comes into view.
The centaur shouts!
A centaur is nearby!
Unknown command.
The centaur wields a +0 shortbow.
The centaur shoots an arrow.
The arrow hits you.
The centaur shoots an arrow.
The arrow hits you!
Ouch! That really hurt!
You take 21 damage, and have 12/33 hp.
MASSIVE DAMAGE!!
The centaur shoots an arrow.
The arrow hits you.
* * * LOW HITPOINT WARNING * * *
You take 6 damage, and have 7/33 hp.
There is an open door here.
You close the door.
It was a potion of curing.
You feel better.
A centaur opens the door.
You regained 11 hp, and now have 20/33 hp.
The centaur unwields a +0 shortbow.
The centaur closely misses you. The centaur barely misses you.
There is an open door here.
You hit the centaur. Your kick misses the centaur. The centaur hits you.
The centaur kicks you. The centaur hits you. The centaur closely misses you.
You take 4 damage, and have 16/33 hp.
You hit the centaur.
The centaur hits you but does no damage.
The centaur kicks you.
You take 2 damage, and have 14/33 hp.
You hit the centaur but do no damage. The centaur hits you.
The centaur kicks you but does no damage.
You take 4 damage, and have 10/33 hp.
You hit the centaur but do no damage. You kick the centaur, but do no damage.
The centaur barely misses you.
The centaur kicks you but does no damage.
The centaur hits you but does no damage.
The centaur kicks you but does no damage.
You hit the centaur but do no damage. You kick the centaur.
The centaur barely misses you.
The centaur kicks you but does no damage.
You hit the centaur but do no damage.
The centaur hits you but does no damage.
The centaur closely misses you.
You completely miss the centaur. The centaur misses you.
The centaur kicks you but does no damage.
The centaur closely misses you. x2
You barely miss the centaur. The centaur closely misses you.
The centaur kicks you.
You take 1 damage, and have 10/33 hp.
You hit the centaur. The centaur closely misses you.
The centaur barely misses you.
You hit the centaur. Your kick misses the centaur.
The centaur barely misses you.
The centaur kicks you but does no damage.
The centaur closely misses you. The centaur barely misses you.
You barely miss the centaur. You kick the centaur, but do no damage.
The centaur hits you but does no damage.
The centaur completely misses you.
You hit the centaur. You kick the centaur, but do no damage.
The centaur closely misses you. x2; The centaur hits you.
* * * LOW HITPOINT WARNING * * *
The centaur kicks you but does no damage.
You take 4 damage, and have 7/33 hp.
You hit the centaur but do no damage. Your kick misses the centaur.
The centaur hits you.
* * * LOW HITPOINT WARNING * * *
The centaur kicks you.
* * * LOW HITPOINT WARNING * * *
You take 4 damage, and have 3/33 hp.
You hit the centaur. You kick the centaur. The centaur hits you.
* * * LOW HITPOINT WARNING * * *
The centaur kicks you.
You die...

### #############.##
....c..........#######
####..#####...........
.... ##...###### #.##
##.## .## # #.# ..#
#c# #.# ##@## #.#
##...## #.# ##.....##
###.# ##......)##
##.#.####
#.........####.......#
+.........'...........
#.........####....##.#
##.......## #..#.##.#
##.....## #.##.##.#


You could see a centaur.

Vanquished Creatures
  An adder (D:2)
  3 worms (D:2)
  2 dart slugs (D:1)
  6 ball pythons (D:1 D:2 D:3)
  4 bats (D:1 D:2)
  7 endoplasms (D:1 D:2)
  4 giant cockroaches (D:1 D:2)
  3 goblins (D:1 D:2)
  8 hobgoblins (D:1 D:2)
  5 kobolds (D:1 D:2)
  3 quokkas (D:1 D:2)
  5 frilled lizards (D:1 D:2 D:3)
  6 rats (D:1 D:2)
57 creatures vanquished.

Notes
Turn   | Place    | Note
-------+----------+-------------------------------------------
     0 | D:1      | Jackthecabe the Demonspawn Warper began the quest for the
                  | Orb.
     0 | D:1      | Reached XP level 1. HP: 16/16 MP: 3/3
     1 | D:1      | Found a runed translucent door.
    35 | D:1      | Reached skill level 2 in Polearms
    38 | D:1      | HP: 7/16 [dart slug/slug dart (3)]
    44 | D:1      | HP: 4/16 [giant cockroach (2)]
    47 | D:1      | Gained mutation: Your demonic aura sometimes causes spilled
                  | blood to erupt in flames. [demonic ancestry]
    47 | D:1      | Reached XP level 2. HP: 7/22 MP: 5/5
   307 | D:1      | Reached skill level 3 in Polearms
   570 | D:1      | Reached XP level 3. HP: 27/27 MP: 6/6
   683 | D:1      | HP: 12/27 [giant cockroach (2)]
  1472 | D:2      | Noticed Terence
  1488 | D:2      | Gained mutation: You have large cloven feet. [demonic
                  | ancestry]
  1488 | D:2      | Reached XP level 4. HP: 33/33 MP: 7/7
  1491 | D:2      | Reached skill level 4 in Polearms
  1516 | D:2      | HP: 10/33 [Terence/+0 hand axe (7)]
  1517 | D:2      | HP: 4/33 [Terence/+0 hand axe (7)]
  2526 | D:3      | Noticed a centaur
  2527 | D:3      | HP: 12/33 [centaur/arrow (17)]
  2540 | D:3      | HP: 16/33 [centaur (3)]
  2547 | D:3      | HP: 10/33 [centaur (1)]
  2552 | D:3      | HP: 4/33 [centaur (3)]
  2553 | D:3      | HP: 1/33 [centaur (3)]
  2553 | D:3      | Slain by a centaur

Illustrated notes

Levels and vault maps discovered:
D:1:      dpeg_arrival_caged_fury, layout_basic
D:2:      layout_basic, uniq_terence
D:3:      layout_loops_corners, palyth_stone_intersect, minivault_24

Skill      XL: |  1  2  3  4 |
---------------+-------------+-----
Polearms       | 2 3 4 |  4.2
Fighting       | |  2.0
Throwing       | |  0.8
Armour         | |  0.8
Dodging        | |  1.7
Spellcasting   | |  2.0
Translocations | |  2.6

Action                     |  1- 3 |  4- 6 || total
---------------------------+-------+-------++-------
  Melee: Spear             |   231 |    52 ||   283
         Punch             |     2 |       ||     2
         Kick              |       |    18 ||    18
  Throw: Boomerang         |       |     1 ||     1
    Use: Potion            |       |     1 ||     1
 Armour: Leather armour    |    48 |    14 ||    62
  Dodge: Dodged            |    90 |    38 ||   128

Levels and vault maps discovered:
D:1:      dpeg_arrival_caged_fury, layout_basic
D:2:      layout_basic, uniq_terence
D:3:      layout_loops_corners, palyth_stone_intersect, minivault_24

Table legend: (Time is in decaauts)
 A = Elapsed time spent in this place.
 B = Non-inter-level travel time spent in this place.
 C = Inter-level travel time spent in this place.
 D = Time resting spent in this place.
 E = Time spent auto-exploring this place.
 F = Levels seen in this place.
 G = Mean time per level.
                   A        B        C        D        E       F      G
               +--------+--------+--------+--------+--------+-----+--------+
         Total |   2533 |   2466 |     67 |      0 |   2001 |   3 |  844.3 |
       Dungeon |   2533 |   2466 |     67 |      0 |   2001 |   3 |  844.3 |
               +--------+--------+--------+--------+--------+-----+--------+

Top non-repeatable levels by time:
     D:1: 1148 daAuts
     D:2: 753 daAuts
     D:3: 631 daAuts

Table legend:
 A = Kills in this place as a percentage of kills in the entire game.
 B = Kills by you in this place as a percentage of kills by you in the entire game.
 C = Kills by friends in this place as a percentage of kills by friends in the entire game.
 D = Other kills in this place as a percentage of other kills in the entire game.
 E = Experience gained in this place as a percentage of experience gained in the entire game.
 F = Experience gained in this place divided by the number of levels of this place that you have seen.
                   A       B       C       D       E      F
               +-------+-------+-------+-------+-------+----------------------
         Total | 100.0 | 100.0 |   N/A |   N/A | 100.0 |  41.0
       Dungeon | 100.0 | 100.0 |   N/A |   N/A | 100.0 |  41.0
               +-------+-------+-------+-------+-------+----------------------
